 Dungeon Crawl Stone Soup version 0.29.0-4-gdea44cf6ec (webtiles) character file.

Game seed: 15755144242899552688

12 qw the Caller (level 2, -1/23 HPs)
             Began as a Ghoul Summoner on Sept 9, 2022.
             Slain by a jackal (3 damage)
             ... on level 1 of the Dungeon.
             The game lasted 00:00:15 (542 turns).

qw the Caller (Ghoul Summoner)                       Turns: 542, Time: 00:00:16

Health: -1/23      AC:  2    Str: 11    XL:     2   Next: 33%
Magic:  0/3        EV: 12    Int: 10    God:
Gold:   13         SH:  0    Dex:  9    Spells: 3/4 levels left

rFire   . . .      SeeInvis .   c - +0 short sword
rCold   + . .      Faith    .   (no shield)
rNeg    + + +      Spirit   .   a - +0 robe
rPois   inf        Reflect  .   (no helmet)
rElec   .          Harm     .   (no cloak)
rCorr   .          Rampage  .   (no gloves)
Will    .....                   (no boots)
Stlth   ++........              (no amulet)
HPRegen 0.00/turn               (no ring)
MPRegen 0.08/turn               (no ring)

@: inhibited regen
A: claws 1, cold resistance 1, negative energy resistance 3, inhibited
regeneration, torment resistance 2, devour on kill
a: no special abilities


You were on level 1 of the Dungeon.
You visited 1 branch of the dungeon, and saw 1 of its levels.

You collected 13 gold pieces.


Innate Abilities, Weirdness & Mutations

You are immune to poison.
You have sharp fingernails.
Your flesh is cold resistant. (rC+)
You are immune to negative energy. (rN+++)
You do not regenerate when monsters are visible.
You are immune to unholy pain and torment.
You thrive by killing the living.


   Skills:
 - Level 1.0 Fighting
 + Level 1.3 Axes
 - Level 1.7 Dodging
 - Level 2.1 Stealth
 - Level 1.7 Spellcasting
 - Level 3.6 Summonings


You had 3 spell levels left.
You knew the following spells:

 Your Spells              Type           Power      Damage    Failure   Level
a - Summon Small Mammal   Summ           32%        N/A       8%          1

Your spell library contained the following spells:

 Spells                   Type           Power      Damage    Failure   Level
 Call Imp                 Summ           8%         N/A       11%         2
 Call Canine Familiar     Summ           8%         N/A       22%         3
 Summon Guardian Golem    Hex/Summ       4%         N/A       43%         3
 Summon Lightning Spire   Summ/Air       4%         N/A       83%         4

Inventory:

Hand Weapons
 c - a +0 short sword (weapon)
Armour
 a - a +0 robe (worn)
 f - a +0 leather armour
Scrolls
 e - 2 scrolls of blinking {unknown}
 g - a scroll of torment {unknown}
Potions
 b - a potion of magic
 d - 2 potions of mutation {unknown}

Dungeon Overview and Level Annotations

Branches:
Dungeon (1/15)

Altars:


Message History

You hit the jackal but do no damage.
The jackal is severely wounded.
The jackal closely misses your rat. The jackal completely misses you.
Your rat bites the jackal.
The jackal bites you.
You closely miss the jackal.
The jackal is severely wounded.
The jackal bites you. The jackal misses your rat.
Your rat misses the jackal. The jackal bites your rat.
Your rat dies!
Your rat's corpse disappears in a puff of smoke!
You closely miss the jackal.
The jackal is severely wounded.
The jackal closely misses you. The jackal bites you.
You closely miss the jackal.
The jackal is severely wounded.
The jackal completely misses you.
The jackal bites you but does no damage.
The jackal bites you. x2
You hit the jackal.
The jackal is almost dead.
The jackal barely misses you. The jackal misses you.
The jackal closely misses you. x2; The jackal bites you.
539 ||| CASTING Summon Small Mammal
Casting: Summon Small Mammal (safe; 8% risk of failure)
Confirm with . or Enter, or press ? or * to list all spells.
The jackal closely misses you. The jackal barely misses you.
The jackal bites you but does no damage.
The jackal closely misses you.
You barely miss the jackal.
The jackal is almost dead.
The jackal misses you. The jackal barely misses you. The jackal misses you.
The jackal closely misses you. The jackal barely misses you.
You completely miss the jackal.
The jackal is almost dead.
The jackal bites you. The jackal closely misses you. x3
Your rat misses the jackal. You hit the jackal.
You kill the jackal!
The jackal bites you.
You die...

####### ###.....###
###.........### .##
##.............####..(.#
................@h.....#
..###......!...r.h......
.## #.......###.........
## #.##)##.# ###.......
# #.##.##.# ##.._..
#.##.##.# #####
#.##.##.# #.##.##.# #.
#.##.#


You could see 2 jackals and a friendly rat (summoned).

Vanquished Creatures
  A ball python (D:1)
  An endoplasm (D:1)
  A goblin (D:1)
  A jackal (D:1)
  2 kobolds (D:1)
  A quokka (D:1)
  A rat (D:1)
8 creatures vanquished.

Vanquished Creatures (collateral kills)
  2 endoplasms (D:1)
  A frilled lizard (D:1)
3 creatures vanquished.

Grand Total: 11 creatures vanquished

Notes
Turn   | Place    | Note
-------+----------+-------------------------------------------
     0 | D:1      | qw the Ghoul Summoner began the quest for the Orb.
     0 | D:1      | Reached XP level 1. HP: 14/14 MP: 2/2
     0 | D:1      | 0 ||| qw: Version: 0.1-a-113-g051387a
     0 | D:1      | 0 ||| qw: Game counter: 6971
     0 | D:1      | 0 ||| qw: Always use a shield: true
     0 | D:1      | 0 ||| qw: God list: Okawaru
     0 | D:1      | 0 ||| qw: Allow faded altars: false
     0 | D:1      | 0 ||| qw: Do Orc after D:15 true
     0 | D:1      | 0 ||| qw: Do second Lair branch before Depths: true
     0 | D:1      | 0 ||| qw: Lair rune preference: random
     0 | D:1      | 0 ||| qw: Plans: Normal
     0 | D:1      | 0 ||| PLANNING D:1-11
    39 | D:1      | 39 ||| CASTING Summon Small Mammal
    40 | D:1      | 40 ||| CASTING Summon Small Mammal
    52 | D:1      | 52 ||| CASTING Summon Small Mammal
   116 | D:1      | 116 ||| Wielding weapon +0 short sword.
   145 | D:1      | 145 ||| CASTING Summon Small Mammal
   146 | D:1      | 146 ||| CASTING Summon Small Mammal
   173 | D:1      | 173 ||| CASTING Summon Small Mammal
   174 | D:1      | 174 ||| CASTING Summon Small Mammal
   182 | D:1      | Reached skill level 1 in Axes
   210 | D:1      | 210 ||| CASTING Summon Small Mammal
   211 | D:1      | 211 ||| CASTING Summon Small Mammal
   222 | D:1      | 222 ||| CASTING Summon Small Mammal
   360 | D:1      | 360 ||| CASTING Summon Small Mammal
   361 | D:1      | 361 ||| CASTING Summon Small Mammal
   385 | D:1      | 385 ||| CASTING Summon Small Mammal
   386 | D:1      | 386 ||| CASTING Summon Small Mammal
   392 | D:1      | Reached skill level 1 in Fighting
   392 | D:1      | Reached XP level 2. HP: 23/23 MP: 0/3
   424 | D:1      | 424 ||| CASTING Summon Small Mammal
   425 | D:1      | 425 ||| CASTING Summon Small Mammal
   426 | D:1      | 426 ||| CASTING Summon Small Mammal
   473 | D:1      | 473 ||| CASTING Summon Small Mammal
   474 | D:1      | 474 ||| CASTING Summon Small Mammal
   475 | D:1      | 475 ||| CASTING Summon Small Mammal
   515 | D:1      | 515 ||| CASTING Summon Small Mammal
   516 | D:1      | 516 ||| CASTING Summon Small Mammal
   517 | D:1      | 517 ||| CASTING Summon Small Mammal
   527 | D:1      | 527 ||| CASTING Summon Small Mammal
   528 | D:1      | Found a faded altar of an unknown god.
   538 | D:1      | HP: 3/23 [jackal (3)]
   539 | D:1      | 539 ||| CASTING Summon Small Mammal
   542 | D:1      | Slain by a jackal

Levels and vault maps discovered:
D:1:      lightli_arrival_isolated_outpost, layout_loops_corners,
          hellmonk_ecumenical_altar_zigzags

Skill      XL: |  1 |
---------------+----+-----
Axes           | 1 |  1.3
Fighting       | 1 |  1.0
Dodging        | |  1.7
Stealth        | |  2.1
Spellcasting   | |  1.7
Summonings     | |  3.6

Action                   || total
-------------------------++-------
Melee: Short sword       ||    24
       Unarmed           ||     2
       Punch             ||     1
 Cast: Summon Small Mamm ||    23
Armor: Robe              ||     8
Dodge: Dodged            ||    26

Table legend:
 A = Non-vault XP
 B = Vault XP
 C = Vault XP percentage of total XP
 D = Non-vault monster count
 E = Vault monster count
 F = Vault count percentage of total count
                 A         B        C        D         E       F
            +---------+---------+-------+---------+---------+-------
      Total |      20 |       0 |   0.0 |      11 |       0 |   0.0
            +---------+---------+-------+---------+---------+-------
        D:1 |      20 |       0 |   0.0 |      11 |       0 |   0.0
            +---------+---------+-------+---------+---------+-------
